HSSL
JOHN JAY HS PATRIOTS @ MAIZE HS
05/02/2028
 
TOP OF THE 1ST
John Jay HS Patriots batting - Pitching for Maize HS : LHP Rubén Gutiérrez
Pitching: LHP Rubén Gutiérrez
Batting: RHB Ken Williams 0-0: Ball
1-0: Called Strike
1-1: Called Strike
1-2: Foul Ball, location: 2F
1-2: Ball
2-2: Strikes out looking
Batting: RHB Ronald Cleveland 0-0: Foul Ball, location: 2F
0-1: Swinging Strike
0-2: Ground out 5-3 (Groundball, 5S)
Batting: RHB Gunnar Wallace 0-0: Ball
1-0: Called Strike
1-1: Called Strike
1-2: Foul Ball, location: 2F
1-2: Ball
2-2: Ball
3-2: Foul Ball, location: 2F
3-2: DOUBLE (Flyball, 8LD)
Batting: LHB Dean Kelly 0-0: Ball
1-0: Ball
2-0: Ball
3-0: Called Strike
3-1: Foul Ball, location: 2F
3-2: SINGLE (Line Drive, 7S)
Gunnar Wallace to third
Gunnar Wallace scores
Batting: RHB Kevin Hawkins 0-0: Ball
1-0: Called Strike
1-1: Ball
2-1: Called Strike
2-2: Fielders Choice at 2nd, 6-4 (Groundball, 6)
Top of the 1st over - 1 run(s), 2 hit(s), 0 error(s), 0 left on base; John Jay HS 1 - Maize HS 0
BOTTOM OF THE 1ST
Maize HS batting - Pitching for John Jay HS Patriots : RHP Chris Trump
Pitching: RHP Chris Trump
Batting: LHB Ed Nelson 0-0: Ground out 6-3 (Groundball, 6MD)
Batting: RHB Pedro Casillas 0-0: Foul Ball, location: 2F
0-1: Ground out 6-3 (Groundball, 6MD)
Batting: LHB Scot Godwin 0-0: Ball
1-0: Ground out U3 (Groundball, 34)
Bottom of the 1st over - 0 run(s), 0 hit(s), 0 error(s), 0 left on base; John Jay HS 1 - Maize HS 0
TOP OF THE 2ND
John Jay HS Patriots batting - Pitching for Maize HS : LHP Rubén Gutiérrez
Batting: LHB Jeff Egbert 0-0: Foul Ball, location: 2F
0-1: Foul Ball, location: 2F
0-2: Foul Ball, location: 2F
0-2: Ground out 6-3 (Groundball, 6)
Batting: RHB Dave Hayes 0-0: Foul Ball, location: 2F
0-1: Foul Ball, location: 2F
0-2: Foul Ball, location: 2F
0-2: Ball
1-2: Ball
2-2: Ball
3-2: Foul Ball, location: 2F
3-2: SINGLE (Groundball, 4D)
Batting: SHB Oliver Miles 0-0: Ball
1-0: Ball
2-0: Ball
3-0: Called Strike
3-1: Base on Balls
Dave Hayes to second
Batting: SHB António Villa 0-0: Ball
1-0: Called Strike
1-1: Ball
2-1: Grounds into double play, 5-4-3 (Groundball, 5)
Top of the 2nd over - 0 run(s), 1 hit(s), 0 error(s), 1 left on base; John Jay HS 1 - Maize HS 0
BOTTOM OF THE 2ND
Maize HS batting - Pitching for John Jay HS Patriots : RHP Chris Trump
Batting: SHB Álex Vega 0-0: Fly out, F7 (Flyball, 7)
Batting: RHB Michael Obrego 0-0: Ground out 4-3 (Groundball, 4)
Batting: LHB Jorge Merced 0-0: Ball
1-0: Ball
2-0: Ball
3-0: Called Strike
3-1: Fly out, F6 (Popup, 4MD)
Bottom of the 2nd over - 0 run(s), 0 hit(s), 0 error(s), 0 left on base; John Jay HS 1 - Maize HS 0
TOP OF THE 3RD
John Jay HS Patriots batting - Pitching for Maize HS : LHP Rubén Gutiérrez
Batting: RHB Ken Williams 0-0: Called Strike
0-1: Ball
1-1: Ball
2-1: Ball
3-1: Base on Balls
Batting: RHB Ronald Cleveland 0-0: Foul Ball, location: 2F
0-1: Ball
1-1: Called Strike
1-2: Ball
2-2: Foul Ball, location: 2F
2-2: SINGLE (Line Drive, 7S)
Ken Williams to second
Batting: RHB Gunnar Wallace 0-0: Ball
1-0: Ball
2-0: Foul Ball, location: 2F
2-1: Called Strike
2-2: Foul Ball, location: 2F
2-2: Foul Ball, location: 2F
2-2: Foul Ball, location: 2F
2-2: Foul Ball, location: 2F
2-2: Ball
3-2: Base on Balls
Ken Williams to third
Ronald Cleveland to second
Batting: LHB Dean Kelly 0-0: Foul Ball, location: 2F
0-1: Fly out, F8 (Flyball, 8RD)
Runner from 3rd tags up, SCORES, no throw
Ronald Cleveland to third
Batting: RHB Kevin Hawkins 0-0: DOUBLE (Groundball, 5L)
Ronald Cleveland scores
Gunnar Wallace to third
Runner from 3rd tries for Home, SAFE, throw made home
Batting: LHB Jeff Egbert 0-0: Foul Ball, location: 2F
0-1: Fly out, F8 (Flyball, 8LM)
Batting: RHB Dave Hayes 0-0: Swinging Strike
0-1: Fly out, F8 (Flyball, 8RM)
Top of the 3rd over - 3 run(s), 2 hit(s), 0 error(s), 1 left on base; John Jay HS 4 - Maize HS 0
BOTTOM OF THE 3RD
Maize HS batting - Pitching for John Jay HS Patriots : RHP Chris Trump
Batting: LHB Barrett Perry 0-0: Ball
1-0: Swinging Strike
1-1: Swinging Strike
1-2: Strikes out swinging, 2-3 out at first.
Batting: RHB Dan Osborne 0-0: Ball
1-0: Ball
2-0: Swinging Strike
2-1: Ball
3-1: Base on Balls
Batting: SHB Armando Guzmán 0-0: Ball
1-0: Ball
2-0: Called Strike
2-1: Ball
3-1: Foul Ball, location: 2F
3-2: Base on Balls
Dan Osborne to second
Batting: LHB Ed Nelson 0-0: Fly out, F7 (Flyball, 78S)
Batting: RHB Pedro Casillas 0-0: Called Strike
0-1: Reached on error, E7 (Flyball, 78XD)
Dan Osborne scores
Armando Guzmán to third
Batting: LHB Scot Godwin 0-0: Ball
1-0: Swinging Strike
1-1: Ball
2-1: Called Strike
2-2: Ball
3-2: Base on Balls
Batting: SHB Álex Vega 0-0: Called Strike
0-1: Ball
1-1: Ball
2-1: Foul Ball, location: 2F
2-2: Fly out, F8 (Flyball, 8LM)
Bottom of the 3rd over - 1 run(s), 0 hit(s), 1 error(s), 3 left on base; John Jay HS 4 - Maize HS 1
TOP OF THE 4TH
John Jay HS Patriots batting - Pitching for Maize HS : LHP Rubén Gutiérrez
Batting: SHB Oliver Miles 0-0: Ball
1-0: Called Strike
1-1: Ball
2-1: Foul Ball, location: 2F
2-2: Foul Ball, location: 2F
2-2: Ground out 6-3 (Groundball, 6)
Pitching: RHP Alejandro Hernández
Batting: SHB António Villa 0-0: Ball
1-0: Ball
2-0: Swinging Strike
2-1: Swinging Strike
2-2: Ball
3-2: Base on Balls
Batting: RHB Ken Williams 0-0: Called Strike
António Villa steals 2nd base
0-1: SINGLE (Groundball, 6D)
António Villa to third
Runner from 3rd tries for Home, SAFE, throw made home
Ken Williams to second
Batting: RHB Ronald Cleveland 0-0: Called Strike
0-1: Ball
1-1: Foul Ball, location: 2F
1-2: Foul Ball, location: 2F
1-2: Foul Ball, location: 2F
1-2: Ball
2-2: Ball
3-2: Ground out 4-3 (Groundball, 4)
Ken Williams to third
Batting: RHB Gunnar Wallace 0-0: Ball
1-0: Ball
2-0: Called Strike
2-1: Foul Ball, location: 2F
2-2: Foul Ball, location: 2F
2-2: Reached on error, E4 (Groundball, 34)
Ken Williams scores
Batting: LHB Dean Kelly 0-0: Called Strike
0-1: Ball
1-1: Called Strike
1-2: Ball
2-2: Ball
3-2: Base on Balls
Batting: RHB Kevin Hawkins 0-0: Called Strike
0-1: Called Strike
0-2: Ball
1-2: Strikes out swinging
Top of the 4th over - 2 run(s), 1 hit(s), 1 error(s), 2 left on base; John Jay HS 6 - Maize HS 1
BOTTOM OF THE 4TH
Maize HS batting - Pitching for John Jay HS Patriots : RHP Chris Trump
Batting: RHB Michael Obrego 0-0: Fly out, F9 (Flyball, 9LSF)
Batting: LHB Jorge Merced 0-0: Ball
1-0: Ball
2-0: Ball
3-0: Base on Balls
Batting: LHB Barrett Perry 0-0: Ball
1-0: Called Strike
1-1: Foul Ball, location: 2F
1-2: Ball
2-2: Ball
3-2: Strikes out swinging
Batting: RHB Dan Osborne 0-0: Foul Ball, location: 2F
0-1: Swinging Strike
0-2: Ball
1-2: Ball
2-2: Ball
3-2: Base on Balls
Jorge Merced to second
Batting: SHB Armando Guzmán 0-0: Foul Ball, location: 2F
0-1: Ball
1-1: Foul Ball, location: 2F
1-2: Ball
2-2: DOUBLE (Line Drive, 8LD)
Jorge Merced scores
Dan Osborne to third
Batting: LHB Ed Nelson 0-0: Called Strike
0-1: Ball
1-1: Foul Ball, location: 2F
1-2: Foul Ball, location: 2F
1-2: Ball
2-2: SINGLE (Flyball, 7LM)
Dan Osborne scores
Armando Guzmán to third
Runner from 3rd tries for Home, SAFE, no throw
Batting: RHB Pedro Casillas 0-0: Called Strike
0-1: Swinging Strike
0-2: Fielders Choice at 2nd, 5-4 (Groundball, 5)
Bottom of the 4th over - 3 run(s), 2 hit(s), 0 error(s), 0 left on base; John Jay HS 6 - Maize HS 4
TOP OF THE 5TH
John Jay HS Patriots batting - Pitching for Maize HS : RHP Alejandro Hernández
Batting: LHB Jeff Egbert 0-0: Ball
1-0: Swinging Strike
1-1: Foul Ball, location: 2F
1-2: Ball
2-2: SINGLE (Groundball, 34D)
Batting: RHB Dave Hayes 0-0: Ball
1-0: Called Strike
1-1: Ball
2-1: Ball
3-1: Swinging Strike
3-2: Base on Balls
Jeff Egbert to second
Batting: SHB Oliver Miles 0-0: SINGLE (Line Drive, 8RS)
Jeff Egbert to third
Dave Hayes to second
Batting: SHB António Villa 0-0: Foul Ball, location: 2F
0-1: Ball
1-1: Called Strike
1-2: Strikes out swinging
Batting: RHB Ken Williams 0-0: Foul Ball, location: 2F
0-1: Swinging Strike
0-2: Strikes out swinging
Pitching: RHP Ray Miller
Batting: RHB Ronald Cleveland 0-0: Ball
1-0: Fly out, F5 (Popup, 5S)
Top of the 5th over - 0 run(s), 2 hit(s), 0 error(s), 3 left on base; John Jay HS 6 - Maize HS 4
BOTTOM OF THE 5TH
Maize HS batting - Pitching for John Jay HS Patriots : RHP Chris Trump
Batting: LHB Scot Godwin 0-0: Called Strike
0-1: Ball
1-1: Hit by Pitch
Batting: SHB Álex Vega 0-0: Called Strike
0-1: Ball
1-1: Called Strike
1-2: Ball
2-2: SINGLE (Groundball, 34D)
Scot Godwin to second
Throwing error, E9
Scot Godwin scores
Álex Vega to second
Pitching: RHP Chad Davis
Batting: RHB Michael Obrego 0-0: Ball
1-0: Ball
2-0: Ball
3-0: Called Strike
3-1: Called Strike
3-2: Base on Balls
Batting: LHB Jorge Merced 0-0: Ball
1-0: Ball
2-0: Grounds into double play, 6-4-3 (Groundball, 6)
Álex Vega to third
Batting: LHB Barrett Perry 0-0: Ground out 4-3 (Groundball, 34)
Bottom of the 5th over - 1 run(s), 1 hit(s), 1 error(s), 1 left on base; John Jay HS 6 - Maize HS 5
TOP OF THE 6TH
John Jay HS Patriots batting - Pitching for Maize HS : RHP Ray Miller
Batting: RHB Gunnar Wallace 0-0: Ball
1-0: Ball
2-0: Ball
3-0: Base on Balls
Batting: LHB Dean Kelly 0-0: Swinging Strike
0-1: Fly out, F6 (Popup, 6S)
Batting: RHB Kevin Hawkins 0-0: Called Strike
0-1: Ball
1-1: Grounds into double play, 6-4-3 (Groundball, 6)
Top of the 6th over - 0 run(s), 0 hit(s), 0 error(s), 0 left on base; John Jay HS 6 - Maize HS 5
BOTTOM OF THE 6TH
Maize HS batting - Pitching for John Jay HS Patriots : RHP Chad Davis
Batting: RHB Dan Osborne 0-0: Ball
1-0: Ball
2-0: Ball
3-0: Called Strike
3-1: Base on Balls
Batting: SHB Armando Guzmán 0-0: Ball
1-0: Swinging Strike
1-1: SINGLE (Groundball, 34D)
Dan Osborne to second
Runner from 2nd tries for 3rd, SAFE, throw made to third
Batting: LHB Ed Nelson 0-0: Ball
1-0: Ball
2-0: Ball
3-0: Base on Balls
Armando Guzmán to second
Batting: RHB Pedro Casillas 0-0: Ball
1-0: Ball
2-0: Foul Ball, location: 2F
2-1: SINGLE (Groundball, 6D)
Dan Osborne scores
Armando Guzmán to third
Ed Nelson to second
Batting: LHB Scot Godwin 0-0: Swinging Strike
0-1: Ball
1-1: Ball
2-1: Ball
3-1: Foul Ball, location: 2F
3-2: Strikes out swinging
Batting: SHB Álex Vega 0-0: Swinging Strike
0-1: Ball
1-1: Swinging Strike
1-2: SINGLE (Groundball, 34D)
Armando Guzmán scores
Ed Nelson to third
Pedro Casillas to second
Runner from 3rd tries for Home, SAFE, no throw
Pitching: RHP Edgar Bailey
Batting: RHB Michael Obrego 0-0: SINGLE (Groundball, 4MD)
Pedro Casillas to third
Álex Vega to second
Runner from 3rd tries for Home, throw and OUT!
Batting: LHB Jorge Merced 0-0: Called Strike
0-1: Ball
1-1: Foul Ball, location: 2F
1-2: Foul Ball, location: 2F
1-2: DOUBLE (Groundball, 5L)
Álex Vega scores
Michael Obrego to third
Batting: LHB Barrett Perry 0-0: Called Strike
0-1: SINGLE (Groundball, 34D)
Michael Obrego scores
Jorge Merced to third
Runner from 3rd tries for Home, SAFE, no throw
Batting: RHB Dan Osborne 0-0: Ball
1-0: Fielders Choice at 2nd, 6-4 (Groundball, 6)
Bottom of the 6th over - 6 run(s), 6 hit(s), 0 error(s), 0 left on base; John Jay HS 6 - Maize HS 11
TOP OF THE 7TH
John Jay HS Patriots batting - Pitching for Maize HS : RHP Ray Miller
Batting: LHB Jeff Egbert 0-0: Ball
1-0: Swinging Strike
1-1: Ball
2-1: SINGLE (Groundball, 56D)
Batting: RHB Dave Hayes 0-0: Grounds into double play, 5-4-3 (Groundball, 56)
Batting: SHB Oliver Miles 0-0: Ball
1-0: TRIPLE (Flyball, 89M)
Batting: SHB António Villa 0-0: Ball
1-0: Ball
2-0: Called Strike
2-1: Swinging Strike
2-2: Ground out 1-3 (Groundball, 13S)
Top of the 7th over - 0 run(s), 2 hit(s), 0 error(s), 1 left on base; John Jay HS 6 - Maize HS 11
BOTTOM OF THE 7TH
Maize HS batting - Pitching for John Jay HS Patriots : RHP Edgar Bailey
Batting: SHB Armando Guzmán 0-0: Swinging Strike
0-1: Foul Ball, location: 2F
0-2: Strikes out looking
Batting: LHB Ed Nelson 0-0: Called Strike
0-1: Fly out, F3 (Line Drive, 34)
Batting: RHB Pedro Casillas 0-0: Ball
1-0: Called Strike
1-1: Ball
2-1: Ground out 1-3 (Groundball, 13)
Bottom of the 7th over - 0 run(s), 0 hit(s), 0 error(s), 0 left on base; John Jay HS 6 - Maize HS 11
TOP OF THE 8TH
John Jay HS Patriots batting - Pitching for Maize HS : RHP Ray Miller
Batting: RHB Ken Williams 0-0: Swinging Strike
0-1: Called Strike
0-2: Ball
1-2: Strikes out swinging
Batting: RHB Ronald Cleveland 0-0: Fly out, F5 (Popup, 5D)
Batting: RHB Gunnar Wallace 0-0: Ball
1-0: Ball
2-0: Ball
3-0: Called Strike
3-1: Swinging Strike
3-2: Foul Ball, location: 2F
3-2: Strikes out looking
Top of the 8th over - 0 run(s), 0 hit(s), 0 error(s), 0 left on base; John Jay HS 6 - Maize HS 11
BOTTOM OF THE 8TH
Maize HS batting - Pitching for John Jay HS Patriots : RHP Edgar Bailey
Batting: LHB Scot Godwin 0-0: Ball
1-0: Called Strike
1-1: Ball
2-1: Swinging Strike
2-2: Ground out 3-1 (Groundball, 34)
Batting: SHB Álex Vega 0-0: Foul Ball, location: 2F
0-1: Foul Ball, location: 2F
0-2: Reached on error, E7 (Flyball, 7S)
Batting: RHB Michael Obrego 0-0: Reached on error, E5 (Groundball, 56)
Álex Vega to second
Batting: LHB Jorge Merced 0-0: Called Strike
0-1: Ball
1-1: Called Strike
1-2: Ball
2-2: SINGLE (Flyball, 6MD)
Álex Vega to third
Michael Obrego to second
Runner from 3rd tries for Home, SAFE, throw made at trailing runner, SAFE at third!
Batting: LHB Barrett Perry 0-0: Ball
1-0: Called Strike
1-1: Foul Ball, location: 2F
1-2: Strikes out swinging
Batting: RHB Dan Osborne 0-0: Ball
1-0: Ball
2-0: Swinging Strike
2-1: Called Strike
2-2: Strikes out swinging
Bottom of the 8th over - 1 run(s), 1 hit(s), 2 error(s), 2 left on base; John Jay HS 6 - Maize HS 12
TOP OF THE 9TH
John Jay HS Patriots batting - Pitching for Maize HS : RHP Ray Miller
Batting: LHB Dean Kelly 0-0: Reached on error, E3 (Groundball, 34)
Batting: RHB Kevin Hawkins 0-0: Called Strike
0-1: Foul Ball, location: 2F
0-2: Ball
1-2: Ball
2-2: Strikes out swinging
Batting: LHB Jeff Egbert 0-0: Called Strike
0-1: Ball
1-1: Ball
2-1: Foul Ball, location: 2F
2-2: Ball
3-2: Base on Balls
Dean Kelly to second
Pitching: LHP Steve Sherman
Batting: RHB Dave Hayes 0-0: Called Strike
0-1: Called Strike
0-2: Foul Ball, location: 2F
0-2: Strikes out swinging
Batting: SHB Oliver Miles 0-0: Called Strike
0-1: Called Strike
0-2: Strikes out swinging
Top of the 9th over - 0 run(s), 0 hit(s), 1 error(s), 2 left on base; John Jay HS 6 - Maize HS 12
Tuesday, August 8th, 2017 - OOTP Baseball 17.12 Build 75